[Event "VII Sunway Sitges Open 2020"]
[Site "Sitges"]
[Date "2020.12.16"]
[Round "4.22"]
[White "Jimenez Ruano, Adrian"]
[Black "Valenzuela Gomez, Fernando"]
[Result "1-0"]
[ECO "E35"]
[WhiteElo "2279"]
[BlackElo "2390"]
[Annotator "ChessBase"]
[PlyCount "81"]
[EventDate "2020.12.13"]
[EventType "swiss"]
[EventCountry "ESP"]
[SourceTitle "playchess.com"]
[Source "ChessBase"]
[SourceQuality "1"]
[TimeControl "40/5400+30:1800+30"]

1. d4 Nf6 2. c4 e6 3. Nc3 Bb4 4. Qc2 d5 5. cxd5 exd5 6. Bg5 h6 7. Bh4 O-O 8. e3 Be6 9. Nf3 Bd6 10. Bd3 Nbd7 11. O-O c6 12. Rab1 Qc7 13. Rfc1 Rfc8 14. Bf5 Bxf5 15. Qxf5 a6 16. b4 g6 17. Qd3 g5 18. Bg3 Bxg3 19. hxg3 Qd6 20. a4 Kg7 21. Nd2 Re8 22. b5 axb5 23. axb5 c5 24. dxc5 Nxc5 25. Qd4 Ne6 26. Nde4 Qd8 27. Qxf6+ Qxf6 28. Nxf6 Kxf6 29. Nxd5+ Kg6 30. Nc7 Nxc7 31. Rxc7 Red8 32. Rxb7 Ra2 33. b6 Re2 34. g4 f6 35. Ra7 Red2 36. b7 Rd1+ 37. Rxd1 Rxd1+ 38. Kh2 Rb1 39. Kg3 h5 40. gxh5+ Kxh5 41. Kf3 1-0

[Event "VII Sunway Sitges Open 2020"]
[Site "Sitges"]
[Date "2020.12.16"]
[Round "4.23"]
[White "Degardin, Sylvain"]
[Black "Garcia Ramos, Daniel"]
[Result "0-1"]
[ECO "C76"]
[WhiteElo "2209"]
[BlackElo "2380"]
[Annotator "ChessBase"]
[PlyCount "64"]
[EventDate "2020.12.13"]
[EventType "swiss"]
[EventCountry "ESP"]
[SourceTitle "playchess.com"]
[Source "ChessBase"]
[SourceQuality "1"]
[TimeControl "40/5400+30:1800+30"]

1. e4 e5 2. Nf3 Nc6 3. Bb5 a6 4. Ba4 d6 5. c3 Bd7 6. d4 g6 7. O-O Bg7 8. Bg5 f6 9. Be3 Nh6 10. h3 Nf7 11. dxe5 dxe5 12. Bc5 f5 13. exf5 gxf5 14. Re1 Qf6 15. c4 b6 16. Ba3 O-O-O 17. Nc3 e4 18. Nd5 Qh6 19. Nh2 Nfe5 20. Ne7+ Kb7 21. Qd5 Be6 22. Bxc6+ Kb8 23. Ng4 Nxg4 24. Nxf5 Qf4 25. hxg4 Bxd5 26. Bxd5 Rxd5 27. cxd5 Be5 28. Ne3 h5 29. gxh5 Rxh5 30. Kf1 Bd4 31. Rad1 Bxe3 32. Rxe3 Rh1+ 0-1

[Event "VII Sunway Sitges Open 2020"]
[Site "Sitges"]
[Date "2020.12.16"]
[Round "4.25"]
[White "Garcia Martin, Marta"]
[Black "Cano Sevilla, Ivan"]
[Result "1-0"]
[ECO "B36"]
[WhiteElo "2342"]
[BlackElo "2026"]
[Annotator "ChessBase"]
[PlyCount "71"]
[EventDate "2020.12.13"]
[EventType "swiss"]
[EventCountry "ESP"]
[SourceTitle "playchess.com"]
[Source "ChessBase"]
[SourceQuality "1"]
[TimeControl "40/5400+30:1800+30"]

1. e4 c5 2. Nf3 Nc6 3. d4 cxd4 4. Nxd4 g6 5. c4 Nf6 6. Nc3 d6 7. f3 Nxd4 8. Qxd4 Bg7 9. Be3 O-O 10. Qd2 Be6 11. Rc1 Qa5 12. Bd3 Rfc8 13. b3 a6 14. Ne2 Qxd2+ 15. Kxd2 Nd7 16. Nf4 Bh6 17. h4 Nc5 18. Be2 Bg7 19. g4 a5 20. g5 Na6 21. Rb1 a4 22. Nxe6 fxe6 23. b4 a3 24. Rb3 b5 25. Rc1 Bb2 26. Rc2 bxc4 27. Bxc4 d5 28. Bxa6 Rxc2+ 29. Kxc2 Rxa6 30. b5 Ra8 31. b6 d4 32. b7 Rb8 33. Bf4 e5 34. Bg3 Kf7 35. Kd3 Ke6 36. Rb6+ 1-0

[Event "VII Sunway Sitges Open 2020"]
[Site "Sitges"]
[Date "2020.12.16"]
[Round "4.26"]
[White "Rodriguez Redondo, Adhara"]
[Black "Yu, Jennifer"]
[Result "0-1"]
[ECO "C50"]
[WhiteElo "2183"]
[BlackElo "2315"]
[Annotator "ChessBase"]
[PlyCount "100"]
[EventDate "2020.12.13"]
[EventType "swiss"]
[EventCountry "ESP"]
[SourceTitle "playchess.com"]
[Source "ChessBase"]
[SourceQuality "1"]
[TimeControl "40/5400+30:1800+30"]

1. e4 e5 2. Nf3 Nc6 3. Bc4 Bc5 4. d3 Nf6 5. O-O d6 6. c3 h6 7. Nbd2 O-O 8. h3 a5 9. a4 Be6 10. Bxe6 fxe6 11. Nc4 Qe8 12. Be3 Bxe3 13. Nxe3 Nh5 14. g3 Qf7 15. Nh4 Kh7 16. Kh2 Rad8 17. Nhg2 d5 18. exd5 exd5 19. f4 d4 20. Ng4 dxc3 21. bxc3 Qg6 22. fxe5 Nxe5 23. d4 Rxf1 24. Qxf1 Nxg4+ 25. hxg4 Qxg4 26. Qd3+ Qg6 27. Qxg6+ Kxg6 28. Nh4+ Kf7 29. Kg2 Re8 30. Kf3 Nf6 31. Rc1 g5 32. Nf5 h5 33. Ne3 g4+ 34. Kf2 Ne4+ 35. Kg2 Ng5 36. Kf2 Kg6 37. Rc2 Ne4+ 38. Kg2 Nxg3 39. Nd5 Nf5 40. Nxc7 Ne3+ 41. Kg1 Rf8 42. Re2 Rf1+ 43. Kh2 Rf3 44. Re1 g3+ 45. Kg1 h4 46. Ne6 h3 47. Nf4+ Kg5 48. Ne2 h2+ 49. Kh1 Rf1+ 50. Rxf1 g2+ 0-1

[Event "VII Sunway Sitges Open 2020"]
[Site "Sitges"]
[Date "2020.12.16"]
[Round "4.27"]
[White "Ezquerro Luque, Albert"]
[Black "Travadon, Loic"]
[Result "0-1"]
[ECO "B23"]
[WhiteElo "2101"]
[BlackElo "2421"]
[Annotator "ChessBase"]
[PlyCount "70"]
[EventDate "2020.12.13"]
[EventType "swiss"]
[EventCountry "ESP"]
[SourceTitle "playchess.com"]
[Source "ChessBase"]
[SourceQuality "1"]
[TimeControl "40/5400+30:1800+30"]

1. e4 c5 2. Nc3 Nc6 3. f4 e6 4. Nf3 d5 5. Bb5 Nge7 6. O-O a6 7. Bxc6+ Nxc6 8. d3 Be7 9. Qe1 O-O 10. Qf2 f5 11. exd5 exd5 12. Re1 d4 13. Nb1 Bf6 14. Nbd2 b5 15. Ne5 Nxe5 16. fxe5 Bh4 17. Qf3 Rb8 18. Re2 Rb6 19. a4 Bb7 20. Qf1 Be7 21. b3 g5 22. axb5 axb5 23. Nf3 Rg6 24. Bd2 Qd5 25. Ne1 f4 26. h3 Qe6 27. Kh2 g4 28. Ra7 Qb6 29. Rxb7 Qxb7 30. Re4 gxh3 31. gxh3 Bh4 32. Qf3 Bg3+ 33. Kh1 Qg7 34. e6 Qh6 35. Qf1 Rxe6 0-1

[Event "VII Sunway Sitges Open 2020"]
[Site "Sitges"]
[Date "2020.12.16"]
[Round "4.29"]
[White "Hapala, Elisabeth"]
[Black "Cuenca Jimenez, Jose Fernando"]
[Result "0-1"]
[ECO "B32"]
[WhiteElo "2154"]
[BlackElo "2528"]
[Annotator "ChessBase"]
[PlyCount "76"]
[EventDate "2020.12.13"]
[EventType "swiss"]
[EventCountry "ESP"]
[SourceTitle "playchess.com"]
[Source "ChessBase"]
[SourceQuality "1"]
[TimeControl "40/5400+30:1800+30"]

1. e4 c5 2. Nf3 Nc6 3. d4 cxd4 4. Nxd4 e5 5. Nb5 d6 6. c4 g6 7. N1c3 a6 8. Na3 Be6 9. Nc2 Bg7 10. Be2 Nf6 11. Bg5 Rc8 12. O-O h6 13. Bxf6 Bxf6 14. Nd5 Bg7 15. Nce3 O-O 16. Rc1 f5 17. exf5 gxf5 18. b3 Nd4 19. f4 b5 20. Kh1 Kh8 21. Bd3 e4 22. Be2 Qa5 23. Ne7 Qxa2 24. Ng6+ Kh7 25. Nxf8+ Rxf8 26. Re1 Nxb3 27. Rc2 Qa3 28. cxb5 Nd4 29. Nc4 Qc5 30. Rc1 axb5 31. Ne3 Qb6 32. Rb1 Rc8 33. h3 Rc3 34. Bf1 Qc5 35. Rc1 b4 36. Rxc3 Qxc3 37. Qc1 Nb3 38. Qc2 Qxe1 0-1

[Event "VII Sunway Sitges Open 2020"]
[Site "Sitges"]
[Date "2020.12.16"]
[Round "4.31"]
[White "Serrano Aspa, Xavier"]
[Black "Calvo Gonzalez, Jose Felix"]
[Result "1-0"]
[ECO "A05"]
[WhiteElo "2061"]
[BlackElo "1811"]
[Annotator "ChessBase"]
[PlyCount "81"]
[EventDate "2020.12.13"]
[EventType "swiss"]
[EventCountry "ESP"]
[SourceTitle "playchess.com"]
[Source "ChessBase"]
[SourceQuality "1"]
[TimeControl "40/5400+30:1800+30"]

1. Nf3 Nf6 2. b3 d5 3. Bb2 g6 4. e3 Bg7 5. c4 c6 6. Be2 O-O 7. O-O Bg4 8. Ne5 Bxe2 9. Qxe2 Nfd7 10. f4 Nxe5 11. fxe5 c5 12. d4 cxd4 13. exd4 Nc6 14. Rd1 Qb6 15. cxd5 Nxe5 16. Nc3 Nd7 17. Qxe7 Rad8 18. Na4 Qb5 19. Nc3 Qb6 20. Qh4 Nf6 21. Ba3 Rfe8 22. Bc5 Qa5 23. b4 Qa3 24. Nb5 Qe3+ 25. Kh1 g5 26. Qe1 Nxd5 27. Nd6 Qxe1+ 28. Rxe1 Rxe1+ 29. Rxe1 b6 30. Nb7 bxc5 31. Nxd8 cxd4 32. Nc6 Kf8 33. Rd1 Nc3 34. Rd3 Nxa2 35. b5 Ke8 36. Nxd4 Nc3 37. Nc6 Bf6 38. Nxa7 Na4 39. g4 Be5 40. Re3 f6 41. Nc6 1-0